 Dungeon Crawl Stone Soup version 0.24.0-123-gd5b16e6ec5 (webtiles) character file.

Game seed: 6915743792770304925, levelgen mode: deterministic

112127 hazymike the Bludgeoner (level 16, -18/158 HPs)
             Began as an Ogre Monk on Feb 8, 2020.
             Was the Champion of the Shining One.
             Demolished by an alligator (24 damage)
             ... on level 3 of the Swamp on Feb 9, 2020.
             The game lasted 04:04:14 (48710 turns).

hazymike the Bludgeoner (Ogre Monk)                Turns: 48710, Time: 04:04:15

Health: -18/158    AC:  7    Str: 19    XL:     16   Next: 59%
Magic:  25/25      EV: 15    Int: 27    God:    the Shining One [******]
Gold:   799        SH:  5    Dex: 11    Spells: 15/23 levels left

rFire    + + .     SeeInvis .   b - +0 giant spiked club (elec)
rCold    + + .     Gourm    .   (shield currently unavailable)
rNeg     + + +     Faith    .   e - +2 robe {MR+}
rPois    .         Spirit   .   c - +2 hat {MR+}
rElec    .         Reflect  +   d - scarf {rC+ rF+}
rCorr    .         Harm     .   (gloves unavailable)
MR       +++++                  (boots unavailable)
Stlth    +.........             y - amulet "Usakhaut" {Reflect Int+5 SH+5}
HPRegen  0.36/turn              D - ring of Qadaut {rF+ MR+ Int+6}
MPRegen  0.19/turn              U - ring of Pysusogid {rC+ MR+ Stlth+}

@: glowing, very slow
A: large, unfitting armour, frail 1, tough skin 1
a: Divine Shield, Cleansing Flame, Summon Divine Warrior, Renounce Religion


You were on level 3 of the Swamp.
You worshipped the Shining One.
The Shining One was exalted by your worship.
You were not hungry.

You visited 4 branches of the dungeon, and saw 26 of its levels.
You also visited: Sewer, Ossuary, Gauntlet and Ice Cave.

You collected 2781 gold pieces.
You spent 1982 gold pieces at shops.

Inventory:

Hand Weapons
 a - a +2 giant spiked club of holy wrath
 b - a +0 giant spiked club of electrocution (weapon)
Missiles
 u - 41 large rocks
 w - 393 arrows
 G - 16 silver javelins (quivered)
 M - 15 curare-tipped darts
Armour
 c - a +2 hat of magic resistance (worn)
 d - a scarf of resistance (worn)
 e - a +2 robe of magic resistance (worn)
Magical Staves
 B - an uncursed staff of wizardry
Jewellery
 i - an uncursed ring of ice
 y - the amulet "Usakhaut" (around neck) {Reflect Int+5 SH+5}
   (You bought it in a shop on level 5 of the Dungeon)

   [amulet of reflection]

   It shields you and reflects attacks.
   It affects your intelligence (+5).
   It affects your SH (+5).
 D - the ring of Qadaut (left hand) {rF+ MR+ Int+6}
   (You bought it in a shop on level 5 of the Dungeon)

   [ring of protection from fire]

   It affects your intelligence (+6).
   It protects you from fire.
   It affects your resistance to hostile enchantments.
 J - an uncursed ring of see invisible {unknown}
 K - an uncursed ring of resist corrosion
 U - the ring of Pysusogid (right hand) {rC+ MR+ Stlth+}
   (You took it off a minotaur in a Gauntlet)

   [ring of protection from cold]

   It protects you from cold.
   It affects your resistance to hostile enchantments.
   It makes you more stealthy.
Wands
 r - a wand of flame (20)
 s - a wand of scattershot (12)
 F - a wand of digging (13)
 H - a wand of disintegration (27)
 N - a wand of iceblast (5)
 O - a wand of acid (12)
 P - a wand of paralysis (7)
Scrolls
 f - 13 scrolls of remove curse
 g - 11 scrolls of identify
 h - 8 scrolls of fog
 l - 4 scrolls of blinking
 o - 5 scrolls of magic mapping
 C - 2 scrolls of immolation
 L - a scroll of fear
 S - 2 scrolls of holy word
 X - 2 scrolls of summoning
 Z - 19 scrolls of teleportation
Potions
 j - 5 potions of haste
 k - 3 potions of flight
 m - 3 potions of might
 n - 5 potions of lignification
 p - 8 potions of brilliance
 q - 3 potions of heal wounds
 t - a potion of berserk rage
 v - 2 potions of resistance
 x - 9 potions of curing
 z - 5 potions of cancellation
 A - a potion of magic
 E - 2 potions of agility
 Y - a potion of ambrosia
Miscellaneous
 Q - a phantom mirror
Comestibles
 V - 23 rations


   Skills:
 + Level 15.3 Fighting
 * Level 17.7 Maces & Flails
 + Level 11.3 Dodging
 - Level 2.0 Stealth
 - Level 4.0 Spellcasting
 + Level 2.7 Summonings
 - Level 2.0 Translocations
 - Level 3.0 Transmutations
 + Level 2.6 Air Magic
 + Level 12.4 Invocations


You had 15 spell levels left.
You knew the following spells:

 Your Spells              Type           Power        Failure   Level  Hunger
a - Sticks to Snakes      Tmut           ###.....     3%          2    None
b - Blink                 Tloc           N/A          5%          2    None
c - Summon Lightning Spi  Summ/Air       ###.....     26%         4    ####...

Your spell library contained the following spells:

 Spells                   Type           Power        Failure   Level  Hunger
 Beastly Appendage        Tmut           ###...       2%          1    None
 Summon Small Mammal      Summ           ###.         2%          1    None
 Call Imp                 Summ           ###.....     4%          2    None
 Confusing Touch          Hex            #.....       8%          1    None
 Flame Tongue             Conj/Fire      #....        8%          1    None
 Magic Dart               Conj           #...         8%          1    None
 Call Canine Familiar     Summ           ###.....     8%          3    ##.....
 Ensorcelled Hibernation  Hex/Ice        #.....       12%         2    None
 Slow                     Hex            #.......     12%         2    None
 Throw Flame              Conj/Fire      #.....       12%         2    None
 Spider Form              Tmut/Pois      ##........   13%         3    ##.....
 Summon Guardian Golem    Hex/Summ       ##......     14%         3    ##.....
 Mephitic Cloud           Conj/Pois/Air  ##......     17%         3    ##.....
 Conjure Flame            Conj/Fire      #.......     24%         3    ##.....
 Inner Flame              Hex/Fire       #.......     24%         3    ##.....
 Spectral Weapon          Hex/Chrm       #.......     24%         3    ##.....
 Ice Form                 Ice/Tmut       ##......     38%         4    ####...
 Summon Ice Beast         Ice/Summ       ##......     41%         4    ####...
 Blade Hands              Tmut           ###.......   54%         5    #####..
 Sticky Flame             Conj/Fire      #.......     61%         4    ####...
 Irradiate                Conj/Tmut      ##........   75%         5    #####..
 Silence                  Hex/Air        ##........   77%         5    #####..
 Bolt of Magma            Conj/Fire/Erth #.........   91%         5    #####..
 Fireball                 Conj/Fire      #.........   91%         5    #####..
 Iskenderun's Battlesphe  Conj/Chrm      #.......     91%         5    #####..
 Venom Bolt               Conj/Pois      #.........   91%         5    #####..
 Hydra Form               Tmut           ###.......   98%         6    #######
 Iron Shot                Conj/Erth      #.........   100%        6    #######
 Statue Form              Tmut/Erth      ##.......    100%        6    #######
 Dragon Form              Tmut           ###.......   100%        7    #######
 Malign Gateway           Summ/Tloc      ###.......   100%        7    #######
 Monstrous Menagerie      Summ           ###.......   100%        7    #######
 Orb of Destruction       Conj           #.........   100%        7    #######
 Spellforged Servitor     Conj/Summ      ##........   100%        7    #######
 Summon Greater Demon     Summ           ###.......   100%        7    #######
 Summon Horrible Things   Summ           ###.......   100%        8    #######


Dungeon Overview and Level Annotations

Branches:
Dungeon (15/15)            Temple (0/1) D:7            Lair (6/6) D:8
  Swamp (3/4) Lair:2        Snake (0/4) Lair:3        Slime (0/5) Lair:5
    Orc (2/2) D:9             Elf (0/3) Orc:2        Vaults (0/5) D:13
 Depths (0/5) D:15          Sewer (visited)         Ossuary (visited)
  IceCv (visited)         Gauntlet (visited)

Altars:
Cheibriados
Elyvilon
Kikubaaqudgha
Makhleb
Qazlal
Sif Muna
Trog
Uskayaw
Xom
Zin
The Shining One
Beogh

Shops:
D:5 %*(=   D:12 %   Orc:1 :   Orc:2 *[(:(

Portals:
Trove: D:15 (give +7 demon trident)

Annotations:
D:11 1 runed translucent door, Ofycruom's ghost, journeyman DsAK


Innate Abilities, Weirdness & Mutations

You are too large for most types of armour.
You have tough skin. (AC +1)
You are frail. (-10% HP)


Message History

The alligator is severely wounded.
The swamp worm bites you! The alligator completely misses you.
The alligator tail-slaps you!
You puncture the alligator!
The alligator is almost dead.
The swamp worm bites you!
* * * LOW HITPOINT WARNING * * *
The alligator misses you. The alligator closely misses you.
You hit the alligator but do no damage.
The alligator is almost dead.
You block the alligator's attack. The alligator tail-slaps you.
* * * LOW HITPOINT WARNING * * *
The swamp worm bites you!!
* * * LOW HITPOINT WARNING * * *
You hit the alligator but do no damage.
The alligator is almost dead.
The swamp worm bites you!
* * * LOW HITPOINT WARNING * * *
The alligator bites you!!
You die...

##.#...♣ ..≈.≈ ♣♣#....♣
♣≈.≈.. ♣♣.#....♣♣
♣♣#♣..≈≈≈≈ .♣......(♣
♣♣♣♣≈≈≈.≈≈.≈§
.≈.#.#####♣#♣.♣≈≈≈≈§.≈≈≈≈
.......≈≈≈......≈≈≈..≈≈≈.
♣...≈≈≈.≈≈≈≈≈≈≈≈≈≈≈≈..≈..
.≈.♣..§≈≈≈≈≈≈≈≈≈§w≈≈.....
♣.≈≈....≈≈≈..≈.≈@≈≈...≈♣♣
.≈§...?..≈≈...§.t≈≈.≈≈§.≈
♣≈≈♣.....≈≈...≈♣.≈≈≈.§≈≈≈
♣♣♣♣♣..♣.≈≈≈≈.♣♣♣≈≈♣≈.≈≈≈
♣♣.≈...≈♣♣♣ ♣♣♣♣♣♣♣..
♣♣♣≈...>♣♣ . ♣<..≈..≈♣
♣≈≈≈≈≈≈♣♣ ♣≈≈...♣♣


You could see an alligator and a swamp worm.

Vanquished Creatures
  Rupert (Lair:3)
  Kirke (Lair:5)
  An orc warlord (Orc:2)
  A reaper (Gauntlet)
  Snorg (Lair:5)
  A blizzard demon (Gauntlet)
  Josephine (D:14)
  4 vault guards
  A shambling mangrove (Swamp:1)
  8 hydras
  2 catoblepae
  2 ghost crabs
  8 alligators
  3 centaur warriors
  A two-headed ogre (shapeshifter) (D:15)
  5 two-headed ogres
  Urug (Lair:3)
  2 orc high priests (Orc:2)
  Sonja (D:10)
  3 skeletal warriors (D:14)
  An unseen horror (D:14)
  7 orc knights
  A necromancer (IceCv)
  An ugly thing (D:11)
  3 orc sorcerers
  A manticore (D:14)
  9 cyclopes
  2 oklob plants (Lair:6)
  A wolf spider (D:15)
  A salamander (D:15)
  2 guardian serpents
  A black mamba (Lair:3)
  3 ice statues (IceCv)
  3 gargoyles
  27 spiny frogs
  7 komodo dragons
  Psyche (D:10)
  A hellwing (Gauntlet)
  8 ice devils
  A polar bear (Lair:3)
  3 meliai (D:15)
  13 tyrant leeches
  8 trolls
  3 hornets (Swamp:1)
  19 slime creatures
  Prince Ribbit (D:7)
  18 blink frogs
  7 dream sheep (Lair:6)
  17 hippogriffs
  3 bog bodies
  2 centaur simulacra
  2 shadows
  A vampire (D:11)
  2 wyverns
  Sigmund (D:4)
  45 yaks
  2 hogs (Lair:5)
  5 wraiths
  A hungry ghost (D:14)
  2 basilisks
  21 vampire mosquitoes
  5 wargs
  10 swamp worms
  2 acid dragons
  6 water moccasins
  3 black bears
  34 orc warriors
  8 porcupines
  6 ice beasts
  4 swamp drakes (Swamp:1)
  7 phantoms
  A hornet zombie (D:13)
  2 sky beasts
  15 ogres
  8 centaurs
  15 crocodiles
  3 big kobolds
  3 wyvern zombies
  20 bullfrogs
  2 water moccasin zombies (Ossuary)
  2 scorpions
  13 wights
  20 killer bees
  4 howler monkeys
  4 electric eels
  7 crimson imps
  2 quasits
  5 bullfrog zombies (Ossuary)
  4 draconian simulacra (IceCv)
  7 centaur zombies
  21 orc priests
  13 orc wizards
  6 centaur skeletons
  9 hounds
  2 jellies
  5 bullfrog skeletons
  A gnoll shaman (D:6)
  Natasha (thrice) (D:2)
  2 iguanas
  2 troll simulacra (IceCv)
  9 worker ants
  A spriggan simulacrum (IceCv)
  A hound zombie (Ossuary)
  14 mummies
  A howler monkey zombie (Ossuary)
  2 worker ant zombies (Ossuary)
  Robin (D:2)
  5 gnolls (D:6)
  11 adders
  2 naga simulacra (IceCv)
  An ogre simulacrum (IceCv)
  5 shadow imps
  6 adder zombies
  A worm (D:2)
  4 dart slugs
  6 leopard geckos
  75 orcs
  17 bats
  12 giant cockroaches
  17 goblins
  13 hobgoblins
  10 jackals
  19 kobolds
  6 quokkas
  8 frilled lizards
  A hobgoblin zombie (D:6)
  A kobold zombie (D:6)
  A leopard gecko zombie (Ossuary)
  A quokka skeleton (D:5)
  2 quokka zombies
  17 rats
  A fungus (Lair:4)
862 creatures vanquished.

Vanquished Creatures (collateral kills)
  Donald (Swamp:2)
  A minotaur (Gauntlet)
  An alligator (Swamp:2)
  4 blink frogs (Lair:5)
  8 yaks
  A basilisk (Lair:3)
  A swamp worm (Swamp:2)
  2 crocodiles
  A shadow imp (Gauntlet)
20 creatures vanquished.

Vanquished Creatures (others)
  An ogre (Orc:2)
  A bullfrog (Lair:6)
  A bush (Lair:6)
  21 fungi
  63 plants
  2 withered plants (Ossuary)
89 creatures vanquished.

Grand Total: 971 creatures vanquished

Notes
Turn   | Place    | Note
-------+----------+-------------------------------------------
     0 | D:1      | hazymike the Ogre Monk began the quest for the Orb.
     0 | D:1      | Reached XP level 1. HP: 24/24 MP: 1/1
    76 | D:1      | Reached XP level 2. HP: 19/32 MP: 2/2
   408 | D:1      | Reached skill level 3 in Maces & Flails
   636 | D:1      | Reached XP level 3. HP: 40/40 MP: 3/3
  1546 | D:2      | Noticed Natasha
  1715 | D:2      | Killed Natasha
  1715 | D:2      | Reached XP level 4. HP: 24/49 MP: 4/4
  1726 | D:2      | Noticed Natasha
  1735 | D:2      | Killed Natasha
  1779 | D:2      | Noticed Natasha
  1972 | D:2      | Killed Natasha
  1972 | D:2      | Reached XP level 5. HP: 50/55 MP: 5/5
  2056 | D:2      | Noticed Robin
  2316 | D:2      | Reached skill level 4 in Maces & Flails
  2403 | D:2      | Reached skill level 5 in Fighting
  2409 | D:2      | Killed Robin
  3091 | D:2      | Reached XP level 6. HP: 18/66 MP: 6/6
  3797 | D:3      | Found a glowing golden altar of the Shining One.
  3806 | D:3      | Became a worshipper of the Shining One
  3806 | D:3      | Reached * piety under the Shining One
  3806 | D:3      | Reached ** piety under the Shining One
  3876 | D:3      | Found a hide-covered altar of Uskayaw.
  4186 | D:3      | Reached skill level 5 in Maces & Flails
  4358 | D:3      | Reached XP level 7. HP: 73/74 MP: 7/7
  4652 | D:4      | Found a glowing drain.
  4666 | Sewer    | Entered a sewer
  4764 | Sewer    | Reached skill level 1 in Invocations
  5509 | D:4      | Noticed Sigmund
  5531 | D:4      | Killed Sigmund
  5708 | D:5      | Entered Level 5 of the Dungeon
  5725 | D:5      | Found Raxigolora's Jewellery Boutique.
  5781 | D:5      | Found Fuutoy's Antique Weapon Shoppe.
  5985 | D:5      | Reached XP level 8. HP: 84/84 MP: 9/9
  6120 | D:5      | Found Peoloaje's Food Boutique.
  6129 | D:5      | Reached *** piety under the Shining One
  6158 | D:5      | Found Belaoho's General Store.
  6162 | D:5      | Bought a scroll of teleportation for 42 gold pieces
  6421 | D:6      | Reached skill level 6 in Maces & Flails
  6516 | D:6      | Found a sand-covered staircase.
  6529 | Ossuary  | Entered an ossuary
  6771 | Ossuary  | Reached skill level 5 in Dodging
  6776 | Ossuary  | Reached **** piety under the Shining One
  6872 | Ossuary  | Reached skill level 7 in Maces & Flails
  6876 | Ossuary  | Reached ***** piety under the Shining One
  6993 | Ossuary  | Reached XP level 9. HP: 93/94 MP: 12/12
  7222 | D:6      | Reached skill level 12 in Maces & Flails
  7222 | D:6      | Reached XP level 10. HP: 104/104 MP: 13/13
  8608 | D:7      | Found a staircase to the Ecumenical Temple.
  8912 | D:7      | Noticed Prince Ribbit
  8918 | D:7      | Killed Prince Ribbit
  9088 | D:7      | Found a glowing silver altar of Zin.
  9236 | D:8      | Reached skill level 13 in Maces & Flails
  9236 | D:8      | Reached skill level 5 in Invocations
  9480 | D:8      | Found a staircase to the Lair.
  9486 | D:8      | Found a snail-covered altar of Cheibriados.
  9491 | D:8      | Found a stormy altar of Qazlal.
  9491 | D:8      | Found a shimmering altar of Xom.
  9494 | D:8      | Found a bloodstained altar of Trog.
  9786 | D:8      | Found a burning altar of Makhleb.
  9955 | D:8      | Found an ancient bone altar of Kikubaaqudgha.
 10023 | D:8      | Noticed a two-headed ogre
 10028 | D:8      | Killed a two-headed ogre
 10028 | D:8      | Reached XP level 11. HP: 102/113 MP: 13/15
 11099 | D:9      | Found a staircase to the Orcish Mines.
 11108 | D:9      | Found a roughly hewn altar of Beogh.
 11932 | D:10     | Entered Level 10 of the Dungeon
 11984 | D:10     | Found the +10 morningstar "Eos" {elec, Halo rElec}
 12215 | D:10     | Reached ****** piety under the Shining One
 12782 | D:10     | Noticed Psyche
 12938 | D:10     | Killed Psyche
 13110 | D:10     | Noticed Sonja
 13973 | D:10     | Killed Sonja
 14154 | D:11     | Reached skill level 10 in Fighting
 14600 | D:11     | Noticed Ofycruom's ghost (journeyman DsAK)
 14601 | D:11     | Found a runed translucent door.
 14785 | D:11     | Reached skill level 14 in Maces & Flails
 14790 | D:11     | Noticed a two-headed ogre
 14805 | D:11     | Killed a two-headed ogre
 14805 | D:11     | Reached XP level 12. HP: 47/126 MP: 17/17
 15485 | D:11     | Noticed a two-headed ogre
 15493 | D:11     | Killed a two-headed ogre
 16294 | Lair:1   | Entered Level 1 of the Lair of Beasts
 16313 | Lair:1   | Identified a scroll of acquirement
 16331 | Lair:1   | Got a pitted shield
 16438 | D:5      | Bought the amulet "Usakhaut" {Reflect Int+5 SH+5} for 704
                  | gold pieces
 18124 | Lair:2   | Found a staircase to the Swamp.
 18917 | Lair:3   | Noticed a catoblepas
 18932 | Lair:3   | Killed a catoblepas
 19287 | Lair:3   | Found a dark tunnel.
 19323 | Lair:3   | Found a staircase to the Snake Pit.
 19323 | Lair:3   | Noticed Rupert
 19576 | Lair:2   | Reached XP level 13. HP: 71/137 MP: 19/19
 20200 | Lair:3   | Killed Rupert
 20200 | Lair:3   | Reached skill level 15 in Maces & Flails
 20422 | Lair:3   | Noticed Urug
 20449 | Lair:3   | Killed Urug
 23145 | Lair:5   | Noticed Snorg
 23157 | Lair:5   | Killed Snorg
 23240 | Lair:5   | Found a staircase to the Slime Pits.
 23550 | Lair:5   | Noticed Kirke
 23874 | Lair:5   | Noticed a sphinx
 23878 | Lair:5   | Killed Kirke
 24957 | Lair:6   | Entered Level 6 of the Lair of Beasts
 25571 | Lair:6   | Reached XP level 14. HP: 114/150 MP: 21/21
 25681 | Lair:5   | Reached skill level 10 in Invocations
 26443 | Lair:6   | HP: 2/153 [electric eel/bolt of electricity (8)]
 26578 | Lair:6   | Reached skill level 16 in Maces & Flails
 27539 | Lair:6   | Identified a +2 giant spiked club of holy wrath (a +0 giant
                  | spiked club blessed by the Shining One)
 27539 | Lair:6   | Received a gift from the Shining One
 29303 | D:12     | Got a shadowed robe
 29333 | D:12     | Identified the +1 robe of Myluosob {rN+ rCorr} (You found
                  | it on level 12 of the Dungeon)
 29427 | D:12     | Reached skill level 10 in Dodging
 29576 | D:12     | Found Axopn's Food Shoppe.
 30425 | D:13     | Found a gate to the Vaults.
 30905 | D:13     | Found a frozen archway.
 30923 | IceCv    | Entered an ice cave
 32067 | IceCv    | Found the +10 large shield of Ignorance {rN+ Int-4}
 32345 | D:13     | Reached XP level 15. HP: 160/163 MP: 23/23
 33897 | D:14     | Reached skill level 17 in Maces & Flails
 34028 | D:14     | Noticed Josephine
 34039 | D:14     | Killed Josephine
 34912 | D:5      | Bought the ring of Qadaut {rF+ MR+ Int+6} for 602 gold
                  | pieces
 34922 | D:5      | Learned a level 2 spell: Sticks to Snakes
 35718 | Orc:1    | Entered Level 1 of the Orcish Mines
 36122 | Orc:2    | Entered Level 2 of the Orcish Mines
 36122 | Orc:2    | Found a gate leading to a gauntlet.
 36131 | Orc:2    | Found Fiteb's Antique Armour Emporium.
 36475 | Gauntlet | Entered a Gauntlet
 36475 | Gauntlet | Found a transporter.
 36478 | Gauntlet | Found a transporter.
 36494 | Gauntlet | Found a transporter.
 36498 | Gauntlet | Found a transporter.
 36508 | Gauntlet | Found a transporter.
 36527 | Gauntlet | Found a runed translucent gate.
 36528 | Gauntlet | Found a transporter.
 36528 | Gauntlet | Found a runed translucent gate.
 36531 | Gauntlet | Found a transporter.
 36535 | Gauntlet | Found a transporter.
 36541 | Gauntlet | Found a runed translucent gate.
 36565 | Gauntlet | Found a transporter.
 36567 | Gauntlet | Found a transporter.
 36569 | Gauntlet | Found a runed translucent door.
 36575 | Gauntlet | Found a transporter.
 36581 | Gauntlet | Found a runed translucent door.
 36606 | Gauntlet | Found a transporter.
 36777 | Gauntlet | Reached skill level 1 in Spellcasting
 37059 | Gauntlet | Reached skill level 1 in Transmutations
 37095 | Gauntlet | Identified the ring of Pysusogid {rC+ MR+ Stlth+}
 37143 | Gauntlet | Got a warped pewter ring
 37144 | Gauntlet | Identified the ring of Kait Mog {Wiz *Corrode Dex+3 Stlth+}
                  | (You found it in a Gauntlet)
 37157 | Gauntlet | Identified the Handbook of Enchantment
 37504 | Orc:2    | Noticed an orc warlord
 37505 | Orc:2    | Found Irphyik's General Store.
 37907 | Orc:2    | Found a staircase to the Elven Halls.
 38355 | Orc:2    | Found Vobreal's Book Shoppe.
 38916 | Orc:2    | Found Plog's Weapon Shoppe.
 38982 | Orc:2    | Found Reir's Antique Weapon Shoppe.
 39149 | Orc:2    | Found a roughly hewn altar of Beogh.
 39427 | Orc:2    | Killed an orc warlord
 40026 | Orc:2    | Bought a scroll of blinking for 90 gold pieces
 40107 | Orc:2    | Bought an embroidered scarf for 224 gold pieces
 40484 | Orc:1    | Found Perr's Book Boutique.
 41632 | Orc:2    | Bought a book of Minor Magic for 320 gold pieces
 41635 | Orc:2    | Learned a level 2 spell: Blink
 41640 | Orc:2    | Learned a level 4 spell: Summon Lightning Spire
 42244 | D:15     | Entered Level 15 of the Dungeon
 42258 | D:15     | Found a snail-covered altar of Cheibriados.
 42822 | D:15     | Found a shimmering blue altar of Sif Muna.
 42932 | D:15     | Reached XP level 16. HP: 173/174 MP: 25/25
 43092 | D:15     | Reached skill level 1 in Translocations
 43155 | D:15     | Gained mutation: You are frail. (-10% HP) [a shining eye]
 43175 | D:15     | Reached skill level 1 in Summonings
 43472 | D:15     | Found a staircase to the Depths.
 43666 | D:15     | Found a white marble altar of Elyvilon.
 43803 | D:15     | Found a portal to a secret trove of treasure.
 43878 | D:15     | Reached skill level 1 in Air Magic
 44113 | Swamp:1  | Entered Level 1 of the Swamp
 44125 | Swamp:1  | The Shining One protects you from harm!
 44125 | Swamp:1  | HP: 3/156 [ghost crab (6)]
 44127 | Swamp:1  | Reached skill level 15 in Fighting
 45250 | Swamp:1  | Paralysed by a hornet for 1 turns
 47573 | Swamp:2  | Noticed Donald
 47578 | Swamp:2  | Killed Donald
 48710 | Swamp:3  | HP: 6/158 [swamp worm (10)]
 48710 | Swamp:3  | Demolished by an alligator

Levels and vault maps discovered:
D:1:      minmay_arrival_solitary_statue, layout_basic,
          minmay_misc_feat_four_crosses
D:2:      kennysheep_six_static_rooms, layout_rooms, first_ration, uniq_robin,
          uniq_natasha
D:3:      layout_basic, lemuel_round_altar, lemuel_round_altar,
          kennysheep_generic_room_2
D:4:      layout_basic, portal_sewer_entry_a, uniq_sigmund
D:5:      layout_basic, serial_shops, nicolae_shop_behind_doors,
          nicolae_shop_trees, nicolae_shop_behind_doors, shop
D:6:      layout_layer_cave, nicolae_ossuary_entry_giza
D:7:      layout_loops_cross, marbit_many_paths,
          minmay_temple_entry_glassed_door, grunt_ogre_cave,
          palyth_stone_intersect, uniq_prince_ribbit1
D:8:      kennysheep_big_flooded_room, layout_basic, old_standard_altar,
          grunt_temple_overflow_open, kennysheep_mini
D:9:      layout_loops_ring, minmay_orc_entry_temple_small,
          nrook_guardian_serpent_ordinary
D:10:     layout_layer_cave, minivault_10, chequers_jeans, uniq_psyche,
          uniq_sonja
D:11:     layout_basic, hellmonk_ghost_happy_afterlife
D:12:     layout_big_octagon, serial_shops, shop
D:13:     layout_rooms, lightli_vaults_fourway_checkpoint,
          portal_ice_cave_demonic_guard
D:14:     layout_basic, feat_on_display, uniq_josephine
D:15:     hangedman_depths_entry_try_elsewhere_first, layout_loops_corners,
          basic_altar, lemuel_round_altar, trove_entry_hex_spiral,
          elyvilon_altar_5
Lair:1:   layout_chaotic_city, infiniplex_staircase_pool_2
Lair:2:   layout_regular_city, minmay_swamp_entry_worms
Lair:3:   layout_roguey, minmay_snake_entry_spellcaster,
          lightli_volcano_entry_magma_tube, grunt_megastairs_3, uniq_rupert,
          uniq_urug
Lair:4:   layout_concentric_octagons, serial_bayou, serial_bayou_ford_a,
          serial_bayou_shore_b, serial_bayou_pond_e, serial_bayou_lagoon_b,
          st_stairs_6, serial_bayou_shore_a
Lair:5:   layout_cave_pods, slime_dummy, nicolae_quartered_pool_medium,
          uniq_kirke, uniq_snorg
Lair:6:   minmay_lair_end_frog_pond, layout_loops_ring,
          minmay_lair_oklob_chamber, lemuel_fruit_fields,
          infiniplex_staircase_pool
Swamp:1:  layout_basic_swamp, evilmike_swamp_ruin_rubble_1, swamp_pool5
Swamp:2:  layout_falls_marsh, hangedman_swamp_lotus, swamp_pool4,
          nicolae_swamp_dense_foliage, uniq_donald
Swamp:3:  layout_basic_swamp, evilmike_swamp_ruin_house_6, swamp_pool1
Orc:1:    cheibrodos_orc_bank, layout_diamond_mine, serial_shops, shop
Orc:2:    grunt_orc_gardens, layout_caves, grunt_orc_garden, grunt_orc_garden,
          grunt_orc_garden, grunt_orc_garden, serial_shops,
          nicolae_shop_behind_doors, gauntlet_entry_generic,
          david_defended_altar_orc

Skill      XL: |  1  2  3  4  5  6  7  8  9 10 11 12 13 14 15 16 |
---------------+-------------------------------------------------+-----
Maces & Flails | 3 4 5 7 12 13 14 15 16 17 | 17.7
Dodging        | 3 4 5 6 7 8 9 10 11 | 11.3
Stealth        | 2 |  2.0
Fighting       | 5 6 7 8 10 11 12 14 15 | 15.3
Invocations    | 2 4 5 7 8 9 11 12 | 12.4
Spellcasting   | 3 4 |  4.0
Transmutations | 2 3 |  3.0
Translocations | 2 |  2.0
Summonings     | 2 |  2.7
Air Magic      | 2 |  2.6

Action                   |  1- 3 |  4- 6 |  7- 9 | 10-12 | 13-15 | 16-18 || total
-------------------------+-------+-------+-------+-------+-------+-------++-------
Melee: Mace              |    89 |    71 |       |       |       |       ||   160
       Flail             |       |    80 |   273 |    56 |       |       ||   409
       Giant spiked club |       |       |       |   461 |  1031 |   273 ||  1765
 Fire: Hunting sling     |       |    54 |    28 |    21 |       |       ||   103
Throw: Dart              |    59 |    65 |    18 |   249 |   122 |       ||   513
       Stone             |       |     3 |       |       |       |       ||     3
       Throwing net      |       |       |       |       |     2 |       ||     2
       Javelin           |       |       |       |       |     3 |       ||     3
Invok: Summon Divine War |       |       |       |       |     3 |     1 ||     4
       Divine Shield     |       |       |       |       |     3 |       ||     3
       Brand Weapon With |       |       |       |       |     1 |       ||     1
       Cleansing Flame   |       |       |       |       |       |     1 ||     1
  Use: Scroll            |       |       |    18 |    11 |    11 |       ||    40
       Potion            |       |       |     2 |     2 |     4 |     1 ||     9
 Stab: Sleeping          |     3 |       |       |       |       |       ||     3
  Eat: Chunk             |     3 |     8 |     6 |    32 |    48 |     9 ||   106
       Ration            |       |       |     1 |     2 |     8 |     3 ||    14
Armor: Robe              |    32 |    34 |    83 |    38 |    84 |    32 ||   303
Dodge: Dodged            |    56 |    92 |   171 |   374 |   628 |   153 ||  1474
Block: Other             |       |       |       |    22 |   212 |    49 ||   283
       Reflection        |       |       |       |       |    11 |     4 ||    15
